MLB
MIAMI MARLINS @ COLORADO ROCKIES
07/23/2020
 
TOP OF THE 1ST
Miami Marlins batting - Pitching for Colorado Rockies : RHP Brad Keller
Pitching: RHP Brad Keller
Batting: RHB Victor Robles 0-0: SINGLE (Groundball, 56, EV 105.6 MPH)
Batting: SHB Francisco Lindor 0-0: Called Strike
0-1: Ball
Victor Robles is caught stealing 2nd base 2-6
1-1: Ball
2-1: Foul Ball, location: 2F
2-2: Foul Ball, location: 2F
2-2: SINGLE (Groundball, 34D, EV 102.5 MPH)
Batting: RHB Javier Baez 0-0: Ball
1-0: TRIPLE (Line Drive, 78XD, EV 100.0 MPH)
Francisco Lindor scores
Batting: LHB Michael Conforto 0-0: Ball
1-0: Ball
2-0: Foul Ball, location: 2F
2-1: Foul Ball, location: 2F
2-2: Ground out U3 (Groundball, 34S, EV 93.1 MPH)
Javier Baez scores
Batting: RHB Miguel Andujar 0-0: Ball
1-0: Called Strike
1-1: Swinging Strike
1-2: Strikes out swinging
Top of the 1st over - 2 runs, 3 hits, 0 errors, 0 left on base; Miami 2 - Colorado 0
BOTTOM OF THE 1ST
Colorado Rockies batting - Pitching for Miami Marlins : RHP Michael Wacha
Pitching: RHP Michael Wacha
Batting: SHB Victor Reyes 0-0: Ball
1-0: Ball
2-0: Ball
3-0: Swinging Strike
3-1: SINGLE (Groundball, 56D, EV 105.0 MPH)
Batting: RHB Jorge Mateo 0-0: Swinging Strike
0-1: Ball
1-1: Ball
2-1: Foul Ball, location: 2F
2-2: Ball
3-2: Foul Ball, location: 2F
3-2: Strikes out swinging
Victor Reyes is caught stealing 2nd base 2-4
Batter strikes out.
Batting: LHB Josh VanMeter 0-0: Ball
1-0: Called Strike
1-1: Foul Ball, location: 2F
1-2: Ball
2-2: SINGLE (Line Drive, 8LS, EV 110.0 MPH)
Batting: SHB Abraham Almonte 0-0: Ball
1-0: Ball
2-0: Called Strike
2-1: Called Strike
2-2: Foul Ball, location: 2F
2-2: Ground out 4-3 (Groundball, 34, EV 101.3 MPH)
Bottom of the 1st over - 0 runs, 2 hits, 0 errors, 1 left on base; Miami 2 - Colorado 0
TOP OF THE 2ND
Miami Marlins batting - Pitching for Colorado Rockies : RHP Brad Keller
Batting: LHB Kyle Tucker 0-0: Foul Ball, location: 2F
0-1: Foul Ball, location: 2F
0-2: DOUBLE (Flyball, 8RXD, EV 103.8 MPH)
Batting: RHB Raudy Read 0-0: Ball
1-0: Called Strike
1-1: Ball
2-1: Foul Ball, location: 2F
2-2: Ball
3-2: Strikes out looking
Batting: LHB Brandon Belt 0-0: Called Strike
0-1: Foul Ball, location: 2F
0-2: Ball
1-2: Ball
2-2: Ball
3-2: Base on Balls
Batting: RHB Michael Wacha 0-0: Ball
Kyle Tucker steals 3rd, throwing error, E2
Kyle Tucker scores
Brandon Belt to third
1-0: Ball
2-0: Ball
3-0: Base on Balls
Batting: RHB Victor Robles 0-0: Called Strike
0-1: Called Strike
0-2: Fly out, F8 (Flyball, 78M, EV 91.9 MPH)
Runner from 3rd tags up, SCORES, throw by CF
Batting: SHB Francisco Lindor 0-0: Ground out 1-3 (Groundball, P, EV 65.0 MPH)
Top of the 2nd over - 2 runs, 1 hit, 1 error, 1 left on base; Miami 4 - Colorado 0
BOTTOM OF THE 2ND
Colorado Rockies batting - Pitching for Miami Marlins : RHP Michael Wacha
Batting: RHB Michael Brosseau 0-0: Ball
1-0: Called Strike
1-1: Ball
2-1: Foul Ball, location: 2F
2-2: SINGLE (Flyball, 4MD, EV 87.5 MPH)
Batting: RHB Orlando Arcia 0-0: Ball
1-0: Fly out, F3 (Popup, 34, EV 66.3 MPH)
Batting: LHB CJ Alexander 0-0: Called Strike
0-1: DOUBLE (Groundball, 3L, EV 100.0 MPH)
Michael Brosseau to third
Runner from 3rd tries for Home, SAFE, throw by RF to home
Batting: RHB Jake Rogers 0-0: Ball
1-0: Ball
2-0: Called Strike
2-1: Fly out, F7 (Line Drive, 7D, EV 109.4 MPH)
Batting: RHB Brad Keller 0-0: Ball
1-0: Fly out, F6 (Popup, 4M, EV 70.6 MPH)
Bottom of the 2nd over - 1 run, 2 hits, 0 errors, 1 left on base; Miami 4 - Colorado 1
TOP OF THE 3RD
Miami Marlins batting - Pitching for Colorado Rockies : RHP Brad Keller
Batting: RHB Javier Baez 0-0: Ball
1-0: Called Strike
1-1: Called Strike
1-2: Fly out, F9 (Flyball, 9LM, EV 90.0 MPH)
Batting: LHB Michael Conforto 0-0: Ball
1-0: Ball
2-0: Ball
3-0: Called Strike
3-1: Called Strike
3-2: Foul Ball, location: 2F
3-2: SINGLE (Line Drive, 8RS, EV 107.5 MPH)
Batting: RHB Miguel Andujar 0-0: Ball
1-0: SINGLE (Line Drive, 6D, EV 102.5 MPH)
Michael Conforto to second
Batting: LHB Kyle Tucker 0-0: Ball
1-0: Swinging Strike
1-1: Ball
2-1: Fly out, F6 (Flyball, 56D, EV 73.8 MPH)
Batting: RHB Raudy Read 0-0: Ball
1-0: Ball
2-0: Ball
3-0: Base on Balls
Michael Conforto to third
Miguel Andujar to second
Batting: LHB Brandon Belt 0-0: Foul Ball, location: 2F
0-1: Foul Ball, location: 2F
0-2: Ball
1-2: Ball
2-2: Foul Ball, location: 2F
2-2: Foul Ball, location: 2F
2-2: Fly out, F5 (Popup, 25F, EV 80.0 MPH)
Top of the 3rd over - 0 runs, 2 hits, 0 errors, 3 left on base; Miami 4 - Colorado 1
BOTTOM OF THE 3RD
Colorado Rockies batting - Pitching for Miami Marlins : RHP Michael Wacha
Batting: SHB Victor Reyes 0-0: Ball
1-0: Ball
2-0: Foul Ball, location: 2F
2-1: SINGLE (Line Drive, 89S, EV 106.9 MPH)
Batting: RHB Jorge Mateo 0-0: Called Strike
0-1: Ball
Victor Reyes steals 2nd base
1-1: Foul Ball, location: 2F
1-2: Strikes out swinging
Batting: LHB Josh VanMeter 0-0: Called Strike
0-1: Foul Ball, location: 2F
0-2: Ball
1-2: Ball
2-2: Ball
3-2: Base on Balls
Batting: SHB Abraham Almonte 0-0: Grounds into double play, 4-6-3 (Groundball, 4, EV 83.1 MPH)
Bottom of the 3rd over - 0 runs, 1 hit, 0 errors, 1 left on base; Miami 4 - Colorado 1
TOP OF THE 4TH
Miami Marlins batting - Pitching for Colorado Rockies : RHP Brad Keller
Batting: RHB Michael Wacha 0-0: Ground out 4-3 (Groundball, 4MD, EV 83.1 MPH)
Batting: RHB Victor Robles 0-0: Ball
1-0: Ground out 5-3 (Groundball, 56S, EV 91.3 MPH)
Batting: SHB Francisco Lindor 0-0: SOLO HOME RUN (Flyball, 7D, EV 101.9 MPH), Distance : 388 ft
Batting: RHB Javier Baez 0-0: Swinging Strike
0-1: Foul Ball, location: 2F
0-2: DOUBLE (Groundball, 5L, EV 105.6 MPH)
Batting: LHB Michael Conforto 0-0: Intentional Walk
Batting: RHB Miguel Andujar 0-0: Called Strike
0-1: Called Strike
0-2: Foul Ball, location: 2F
0-2: Ball
1-2: Ball
2-2: Foul Ball, location: 2F
2-2: Strikes out looking
Top of the 4th over - 1 run, 2 hits, 0 errors, 2 left on base; Miami 5 - Colorado 1
BOTTOM OF THE 4TH
Colorado Rockies batting - Pitching for Miami Marlins : RHP Michael Wacha
Batting: RHB Michael Brosseau 0-0: Foul Ball, location: 2F
0-1: Ball
1-1: Ball
2-1: Ball
3-1: Base on Balls
Batting: RHB Orlando Arcia 0-0: Called Strike
0-1: Ball
1-1: Called Strike
1-2: Fielders Choice at 2nd, 4-6 (Groundball, 4M, EV 82.5 MPH)
Batting: LHB CJ Alexander 0-0: Called Strike
0-1: Ball
1-1: Foul Ball, location: 2F
1-2: Foul Ball, location: 2F
1-2: Foul Ball, location: 2F
1-2: Ball
2-2: Ground out 4-3 (Groundball, 13, EV 90.0 MPH)
Orlando Arcia to second
Batting: RHB Jake Rogers 0-0: Ball
1-0: Swinging Strike
1-1: Ball
2-1: Called Strike
2-2: Ball
3-2: Strikes out swinging
Bottom of the 4th over - 0 runs, 0 hits, 0 errors, 1 left on base; Miami 5 - Colorado 1
TOP OF THE 5TH
Miami Marlins batting - Pitching for Colorado Rockies : RHP Brad Keller
Pitching: RHP Edinson Volquez
Batting: LHB Kyle Tucker 0-0: Called Strike
0-1: Ball
1-1: Ball
2-1: Foul Ball, location: 2F
2-2: Foul Ball, location: 2F
2-2: Ball
3-2: Fly out, F6 (Flyball, 56D, EV 85.6 MPH)
Batting: RHB Raudy Read 0-0: SINGLE (Line Drive, 8LS, EV 105.0 MPH)
Batting: LHB Brandon Belt 0-0: Swinging Strike
0-1: Ball
1-1: Ball
2-1: Ball
3-1: Base on Balls
Raudy Read to second
Batting: RHB Michael Wacha 0-0: Sac Bunt to 25 - play at third, runner OUT! 5-6
Brandon Belt to second
Batting: RHB Victor Robles 0-0: Ball
1-0: Ground out 1-3 (Groundball, 15, EV 68.1 MPH)
Top of the 5th over - 0 runs, 1 hit, 0 errors, 2 left on base; Miami 5 - Colorado 1
BOTTOM OF THE 5TH
Colorado Rockies batting - Pitching for Miami Marlins : RHP Michael Wacha
Batting: RHB Edinson Volquez 0-0: Called Strike
0-1: Ground out 1-3 (Groundball, 23, EV 68.1 MPH)
Batting: SHB Victor Reyes 0-0: Ground out U3 (Groundball, 3, EV 84.4 MPH)
Batting: RHB Jorge Mateo 0-0: Called Strike
0-1: SOLO HOME RUN (Flyball, 78XD, EV 95.6 MPH), Distance : 419 ft
Batting: LHB Josh VanMeter 0-0: Called Strike
0-1: Swinging Strike
0-2: Foul Ball, location: 2F
0-2: Fly out, F6 (Popup, 6MD, EV 66.9 MPH)
Bottom of the 5th over - 1 run, 1 hit, 0 errors, 0 left on base; Miami 5 - Colorado 2
TOP OF THE 6TH
Miami Marlins batting - Pitching for Colorado Rockies : RHP Edinson Volquez
Batting: SHB Francisco Lindor 0-0: Ground out 5-3 (Groundball, 5, EV 95.0 MPH)
Batting: RHB Javier Baez 0-0: Swinging Strike
0-1: Ball
1-1: Foul Ball, location: 2F
1-2: Fly out, F9 (Flyball, 8RS, EV 89.4 MPH)
Batting: LHB Michael Conforto 0-0: Ball
1-0: Ground out 5-3 (Groundball, 56S, EV 82.5 MPH)
Top of the 6th over - 0 runs, 0 hits, 0 errors, 0 left on base; Miami 5 - Colorado 2
BOTTOM OF THE 6TH
Colorado Rockies batting - Pitching for Miami Marlins : RHP Michael Wacha
Batting: SHB Abraham Almonte 0-0: Ball
1-0: Ground out 5-3 (Groundball, 5, EV 85.0 MPH)
Batting: RHB Michael Brosseau 0-0: Ball
1-0: Ball
2-0: Swinging Strike
2-1: Foul Ball, location: 2F
2-2: Foul Ball, location: 2F
2-2: Ball
3-2: Strikes out looking
Batting: RHB Orlando Arcia 0-0: Ball
1-0: Ball
2-0: Ball
3-0: Base on Balls
Batting: LHB CJ Alexander 0-0: Ground out 3-1 (Groundball, 34S, EV 82.5 MPH)
Bottom of the 6th over - 0 runs, 0 hits, 0 errors, 1 left on base; Miami 5 - Colorado 2
TOP OF THE 7TH
Miami Marlins batting - Pitching for Colorado Rockies : RHP Edinson Volquez
Pitching: LHP Austin Davis
Batting: RHB Miguel Andujar 0-0: SOLO HOME RUN (Flyball, 78XD, EV 100.6 MPH), Distance : 405 ft
Batting: LHB Kyle Tucker 0-0: Ball
1-0: Ball
2-0: Called Strike
2-1: SINGLE (Line Drive, 9S, EV 106.3 MPH)
Batting: RHB Raudy Read 0-0: Called Strike
0-1: Foul Ball, location: 2F
0-2: Strikes out swinging
Batting: LHB Brandon Belt 0-0: Fly out, F8 (Line Drive, 8RD, EV 92.5 MPH)
Pinch Hitting: RHB Jordan Luplow 0-0: Ball
Kyle Tucker steals 2nd, throwing error, E2
Kyle Tucker to third
1-0: Called Strike
1-1: SINGLE (Flyball, 5D, EV 86.9 MPH)
Kyle Tucker scores
Batting: RHB Victor Robles 0-0: Called Strike
0-1: Called Strike
0-2: Ball
1-2: Ball
2-2: Foul Ball, location: 2F
2-2: Foul Ball, location: 2F
2-2: Foul Ball, location: 2F
2-2: Foul Ball, location: 2F
2-2: Foul Ball, location: 2F
2-2: Strikes out swinging
Top of the 7th over - 2 runs, 3 hits, 1 error, 1 left on base; Miami 7 - Colorado 2
BOTTOM OF THE 7TH
Colorado Rockies batting - Pitching for Miami Marlins : RHP Michael Wacha
Pitching: LHP Brock Burke
Batting: RHB Jake Rogers 0-0: Ball
1-0: SINGLE (Line Drive, 9LS, EV 87.5 MPH)
Pinch Hitting: RHB Miguel Cabrera 0-0: Ball
1-0: Swinging Strike
1-1: Called Strike
1-2: Strikes out swinging
Batting: SHB Victor Reyes 0-0: Ball
1-0: Foul Ball, location: 2F
1-1: Fly out, F9 (Flyball, 9D, EV 100.6 MPH)
Batting: RHB Jorge Mateo 0-0: Called Strike
0-1: TRIPLE (Flyball, 89XD, EV 88.1 MPH)
Jake Rogers scores
Batting: LHB Josh VanMeter 0-0: Fly out, F8 (Flyball, 8LD, EV 88.1 MPH)
Bottom of the 7th over - 1 run, 2 hits, 0 errors, 1 left on base; Miami 7 - Colorado 3
TOP OF THE 8TH
Miami Marlins batting - Pitching for Colorado Rockies : LHP Austin Davis
Pitching: RHP Ian Gibaut
Batting: SHB Francisco Lindor 0-0: Foul Ball, location: 2F
0-1: Ball
1-1: Foul Ball, location: 2F
1-2: Ball
2-2: Foul Ball, location: 2F
2-2: Ball
3-2: Ground out 3-1 (Groundball, 34, EV 88.1 MPH)
Batting: RHB Javier Baez 0-0: Ball
1-0: Swinging Strike
1-1: Foul Ball, location: 2F
1-2: Strikes out looking
Batting: LHB Michael Conforto 0-0: Called Strike
0-1: Swinging Strike
0-2: Ball
1-2: Ball
2-2: Strikes out looking
Top of the 8th over - 0 runs, 0 hits, 0 errors, 0 left on base; Miami 7 - Colorado 3
BOTTOM OF THE 8TH
Colorado Rockies batting - Pitching for Miami Marlins : LHP Brock Burke
Batting: SHB Abraham Almonte 0-0: Ball
1-0: Ball
2-0: Ball
3-0: Base on Balls
Batting: RHB Michael Brosseau 0-0: Swinging Strike
0-1: Ball
1-1: Swinging Strike
1-2: Fly out, F8 (Flyball, 8LXD, EV 95.0 MPH)
Batting: RHB Orlando Arcia 0-0: Called Strike
0-1: Ball
1-1: Foul Ball, location: 2F
1-2: Foul Ball, location: 2F
1-2: Strikes out looking
Pitching: RHP Emmanuel Clase
Batting: LHB CJ Alexander 0-0: Foul Ball, location: 2F
0-1: Ball
1-1: Foul Ball, location: 2F
1-2: Strikes out swinging
Bottom of the 8th over - 0 runs, 0 hits, 0 errors, 1 left on base; Miami 7 - Colorado 3
TOP OF THE 9TH
Miami Marlins batting - Pitching for Colorado Rockies : RHP Ian Gibaut
Pitching: RHP Will Harris
Batting: RHB Miguel Andujar 0-0: Ball
1-0: Swinging Strike
1-1: Foul Ball, location: 2F
1-2: Ball
2-2: Foul Ball, location: 2F
2-2: Ball
3-2: Foul Ball, location: 2F
3-2: SINGLE (Groundball, 5S, EV 74.4 MPH) (infield hit)
Batting: LHB Kyle Tucker 0-0: Called Strike
0-1: Ball
1-1: Swinging Strike
1-2: Ball
2-2: Strikes out swinging
Batting: RHB Raudy Read 0-0: Ball
1-0: Grounds into double play, 5-4-3 (Groundball, 56S, EV 81.3 MPH)
Top of the 9th over - 0 runs, 1 hit, 0 errors, 0 left on base; Miami 7 - Colorado 3
BOTTOM OF THE 9TH
Colorado Rockies batting - Pitching for Miami Marlins : RHP Emmanuel Clase
Pitching: RHP Jordan Hicks
Batting: RHB Jake Rogers 0-0: Called Strike
0-1: Foul Ball, location: 2F
0-2: Ball
1-2: Foul Ball, location: 2F
1-2: Strikes out swinging
Pinch Hitting: LHB Nick Ciuffo 0-0: Called Strike
0-1: Ball
1-1: Foul Ball, location: 2F
1-2: Ball
2-2: Ball
3-2: Foul Ball, location: 2F
3-2: Fly out, F8 (Flyball, 8LD, EV 88.8 MPH)
Batting: SHB Victor Reyes 0-0: Called Strike
0-1: Ball
1-1: Ball
2-1: Fly out, F8 (Flyball, 8LM, EV 90.0 MPH)
Bottom of the 9th over - 0 runs, 0 hits, 0 errors, 0 left on base; Miami 7 - Colorado 3
Friday, September 18th, 2020 - OOTP Baseball 21.5 Build 76